 Dungeon Crawl Stone Soup version 0.28.0-43-g3370ac3207 (webtiles) character file.

Game seed: 3649731697973546322

66 RascalDebosk the Chopper (level 3, -1/33 HPs)
             Began as a Minotaur Monk on Apr 1, 2022.
             Killed by divine providence
             ... invoked by an orc priest
              (12 damage)
             ... on level 2 of the Dungeon.
             The game lasted 00:10:50 (1349 turns).

RascalDebosk the Chopper (Minotaur Monk)            Turns: 1349, Time: 00:10:52

Health: -1/33      AC:  6    Str: 17    XL:     3   Next: 96%
Magic:  2/2        EV: 12    Int:  7    God:
Gold:   11         SH:  0    Dex: 12    Spells: 2/2 levels left

rFire   . . .      SeeInvis +   a - +0 hand axe
rCold   . . .      Faith    .   (no shield)
rNeg    . . .      Spirit   .   o - +0 leather armour
rPois   .          Reflect  .   (helmet restricted)
rElec   .          Harm     .   g - +2 cloak
rCorr   .          Rampage  .   (no gloves)
Will    .....                   (no boots)
Stlth   +.........              (no amulet)
HPRegen 0.11/turn               i - ring of flight
MPRegen 0.08/turn               p - ring of see invisible

@: flying
A: horns 2, retaliatory headbutt
a: no special abilities


You were on level 2 of the Dungeon.
You visited 1 branch of the dungeon, and saw 2 of its levels.

You collected 11 gold pieces.

Inventory:

Hand Weapons
 a - a +0 hand axe (weapon)
Missiles
 j - 2 boomerangs (quivered)
 m - 14 stones
Armour
 g - a +2 cloak (worn)
 o - a +0 leather armour (worn)
Jewellery
 i - a ring of flight (left hand)
 p - a ring of see invisible (right hand)
Scrolls
 c - a scroll of magic mapping {unknown}
 d - a scroll of amnesia {unknown}
 f - 2 scrolls of identify {unknown}
 h - a scroll of fog {unknown}
 l - a scroll of fear {unknown}
 n - a scroll of torment {unknown}
Potions
 e - a potion of might {unknown}
 k - a potion of mutation {unknown}


   Skills:
 + Level 4.1 Fighting
 + Level 4.2 Axes
 + Level 1.3 Throwing
 + Level 1.6 Armour
 - Level 3.2 Dodging
 - Level 1.5 Stealth
 + Level 1.2 Evocations


You had 2 spell levels left.
You didn't know any spells.
Your spell library was empty.

Dungeon Overview and Level Annotations

Branches:
Dungeon (2/15)

Altars:


Innate Abilities, Weirdness & Mutations

You have a pair of horns on your head.
You reflexively headbutt those who attack you in melee.


Message History

You closely miss the orc.
You hit the orc priest but do no damage.
You hit the orc but do no damage. The orc hits you with a +0 short sword.
The orc barely misses you.
The orc priest miscasts a cantrip.
You hit the orc priest.
The orc priest is heavily wounded.
You hit the orc but do no damage. You closely miss the orc.
The orc hits you with a +0 short sword. The orc barely misses you.
You furiously retaliate!
You headbutt the orc!
You kill the orc!
An orc wizard comes into view. It is wielding a +0 dagger.
The orc priest hits you with a +0 club. The orc hits you but does no damage.
You hit the orc priest but do no damage.
The orc priest is heavily wounded.
You closely miss the orc. The orc priest hits you with a +0 club.
The orc barely misses you.
You closely miss the orc priest.
The orc priest is heavily wounded.
You completely miss the orc. You hit the endoplasm.
You kill the endoplasm!
The orc priest hits you with a +0 club. The orc hits you with a +0 short sword.
You hit the orc priest but do no damage.
You headbutt the orc priest.
The orc priest is severely wounded.
You hit the orc.
You kill the orc!
The orc wizard casts a spell at you. The magic dart hits you.
The orc priest hits you with a +0 club.
You hit the orc priest but do no damage.
The orc priest is severely wounded.
You hit the orc wizard. The orc priest closely misses you.
You hit the orc priest but do no damage.
You headbutt the orc priest.
The orc priest is almost dead.
You hit the orc wizard.
The orc wizard hits you but does no damage.
The orc priest mumbles some strange prayers to Beogh against you.
Beogh smites you!
You die...

#..#+#### ....$
##....... .... #.......
.... ##....... #..#
#........ #..+ +.#......
#. #..### ####......
....###)o..# #.##.....<
....'.o@)..#+##..'.>....
....###.......####......
# #)......# ##.####
#.......# #.#
########.......# #.#
#........####### #.#
#....[...# #.####
#>.......## #.....
#.......(.# ######


You could see an orc priest and an orc wizard.

Vanquished Creatures
  An adder (D:2)
  A worm (D:2)
  A dart slug (D:1)
  3 orcs (D:2)
  7 bats
  3 endoplasms
  4 goblins
  5 hobgoblins
  3 jackals (D:1)
  3 quokkas
  7 ball pythons
  4 frilled lizards
  7 rats
49 creatures vanquished.

Vanquished Creatures (others)
  A fungus (D:1)
  A plant (D:1)
2 creatures vanquished.

Grand Total: 51 creatures vanquished

Notes
Turn   | Place    | Note
-------+----------+-------------------------------------------
     0 | D:1      | RascalDebosk the Minotaur Monk began the quest for the Orb.
     0 | D:1      | Reached XP level 1. HP: 19/19 MP: 0/0
   352 | D:1      | Reached XP level 2. HP: 24/27 MP: 1/1
   531 | D:1      | Found a faded altar of an unknown god.
   540 | D:1      | Reached skill level 1 in Armour
   837 | D:2      | Reached skill level 1 in Throwing
   837 | D:2      | Reached XP level 3. HP: 32/33 MP: 2/2
   908 | D:2      | Reached skill level 1 in Evocations
  1349 | D:2      | Killed from afar by an orc priest

Illustrated notes

Levels and vault maps discovered:
D:1:      psy_arrival_statuary, layout_basic,
          dreamdust_ecumenical_altar_hidden_monk_grotto
D:2:      layout_basic, serial_shops, nicolae_shop_hallway_plus,
          grunt_ministairs_15, kennysheep_jessica_study

Skill      XL: |  1  2  3 |
---------------+----------+-----
Armour         | 1 |  1.6
Axes           | 4 |  4.2
Throwing       | 1 |  1.3
Fighting       | 4 |  4.1
Evocations     | 1 |  1.2
Dodging        | |  3.2
Stealth        | |  1.5

Action                   || total
-------------------------++-------
Melee: Hand axe          ||    83
       Headbutt          ||    13
Throw: Boomerang         ||     2
 Stab: Sleeping          ||     3
Armor: Robe              ||    17
       Leather armour    ||     4
Dodge: Dodged            ||    57
